 Dungeon Crawl Stone Soup version 0.32-a0-999-gfa1cc04b1d (webtiles) character file.

Game seed: 15836694983569139025

1765699 MackTheKnife the Conqueror (level 27, 377/377 HPs)
             Began as an Oni Artificer on Apr 24, 2024.
             Was an Elder of Okawaru.
             Escaped with the Orb
             ... and 3 runes!
             The game lasted 01:41:19 (61570 turns).

MackTheKnife the Conqueror (Oni Artificer)         Turns: 61570, Time: 01:41:19

Health: 377/377    AC: 38    Str: 35    XL:     27
Magic:  30/30      EV: 20    Int: 18    God:    Okawaru [****..]
Gold:   4086       SH: 24    Dex: 17    Spells: 23/26 levels left

rFire   + + +        a - +9 broad axe (vamp) {axe}
rCold   + + .        Q - +5 kite shield {reflect}
rNeg    + + .        R - melded +2 robe {Will+}
rPois   ∞            g - +0 hat of Recklessness {rElec Will++ Regen+ Int-2}
rElec   +            i - scarf of Coronation {rC+ rF+, Str+5 Int+4}
rCorr   .            (gloves unavailable)
SInv    .            (boots unavailable)
Will    ++++.        W - amulet of reflection
Stlth   ++           m - ring "Racomn" {rF++ rN+ Str+6 Int+4}
HPRegen 1.62/turn    I - +5 ring of evasion
MPRegen 0.22/turn

%: reflection
@: statue-form, very slow
A: slow and powerful, torment resistance 1, boosted hp, large, unfitting armour,
horns 1, (tough skin 1), double potion healing, drunken brawling, talons 1,
(iridescent scales 2), clumsy 1, cold resistance 1, deformed body, deterioration
2, frail 1, MP-powered wands
0: Orb of Zot
}: 3/15 runes: barnacled, silver, gossamer
a: Begin Untransformation, Renounce Religion, Heroism, Finesse


You escaped.
You worshipped Okawaru.
Okawaru was greatly pleased with you.
You were a living statue of rough stone.
You visited 10 branches of the dungeon, and saw 48 of its levels.
You also visited: Gauntlet, Ice Cave and Wizlab.

You collected 7905 gold pieces.
You spent 3819 gold pieces at shops.


Innate Abilities, Weirdness & Mutations

You are a living statue of rough stone.
Your actions are slow, but your melee attacks are powerful.
You are resistant to unholy torment.
Your maximum health is greatly increased.
Your equipment is partially melded.
You are too large for most types of armour.
You are immune to poison.
You have a pair of small horns on your head.
((You have tough skin. (AC +1)))
You gain doubled healing and magic from potions.
Whenever you drink a healing potion, you attack all around you.
You have sharp toenails.
((You are mostly covered in iridescent scales. (AC +4)))
You are clumsy. (Dex -2)
Your flesh is cold resistant. (rC+)
Armour fits poorly on your strangely shaped body.
Your body often deteriorates upon taking damage.
You are frail. (-10% HP)
You expend magic power (3 MP) to strengthen your wands.


   Skills:
 O Level 27 Fighting
 - Level 14.2(18.0) Axes
 - Level 18.0(19.8) Maces & Flails
 - Level 10.0 Armour
 - Level 12.0 Dodging
 - Level 11.7 Stealth
 - Level 15.0 Shields
 - Level 10.0 Invocations
 - Level 2.4 Evocations
 + Level 26.5 Shapeshifting


You had 23 spell levels left.
You knew the following spells:

 Your Spells              Type           Power      Damage    Failure   Level
a - Fugue of the Fallen   Necr           0%         N/A       65%         3

Your spell library contained the following spells:

 Spells                   Type           Power      Damage    Failure   Level
 Foxfire                  Conj/Fire      0%         2x1d4     28%         1
 Freeze                   Ice            0%         1d3       28%         1
 Kiss of Death            Conj/Necr      0%         2d5       28%         1
 Magic Dart               Conj           0%         1d3       28%         1
 Necrotise                Necr           0%         1d4       28%         1
 Sandblast                Erth           0%         2d4       28%         1
 Shock                    Conj/Air       0%         1d3       28%         1
 Slow                     Hex            0%         N/A       28%         1
 Cigotuvi's Dreadful Rot  Necr/Alch/Air  0%         N/A       41%         2
 Ensorcelled Hibernation  Hex/Ice        0%         N/A       41%         2
 Jinxbite                 Hex            0%         N/A       41%         2
 Searing Ray              Conj           0%         2d4       41%         2
 Static Discharge         Conj/Air       0%         3-3/arc   41%         2
 Confusing Touch          Hex            0%         N/A       65%         3
 Dazzling Flash           Conj/Hex       0%         N/A       65%         3
 Frozen Ramparts          Ice            0%         1d1       65%         3
 Hailstorm                Conj/Ice       0%         3d5       65%         3
 Mephitic Cloud           Conj/Alch/Air  0%         N/A       65%         3
 Ozocubu's Armour         Ice            0%         N/A       65%         3
 Passwall                 Erth           0%         N/A       65%         3
 Sigil of Binding         Hex            0%         N/A       65%         3
 Stone Arrow              Conj/Erth      0%         3d7       65%         3
 Vampiric Draining        Necr           0%         2d6       65%         3
 Volatile Blastmotes      Fire/Tloc      0%         2d10      65%         3
 Anguish                  Hex/Necr       0%         N/A       96%         4
 Brom's Barrelling Bould  Conj/Erth      0%         2d3       96%         4
 Dimensional Bullseye     Hex/Tloc       0%         N/A       96%         4
 Fulminant Prism          Conj/Alch      0%         3d5       96%         4
 Iskenderun's Mystic Bla Conj/Tloc 0%             2d3        (+2d1     96%         4
 Leda's Liquefaction      Alch/Erth      0%         N/A       96%         4
 Olgreb's Toxic Radiance  Alch           0%         N/A       96%         4
 Petrify                  Alch/Erth      0%         N/A       96%         4
 Vhi's Electric Charge    Tloc/Air       0%         N/A       96%         4
 Arcjolt                  Conj/Air       0%         1d10      100%        5
 Borgnjor's Vile Clutch   Necr/Erth      0%         N/A       100%        5
 Curse of Agony           Necr           0%         N/A       100%        5
 Iskenderun's Battlesphe  Conj           0%         2d6       100%        5
 Lee's Rapid Deconstruct  Erth           0%         3d4*      100%        5
 Silence                  Hex/Air        0%         N/A       100%        5
 Yara's Violent Unravell  Hex/Alch       0%         3d3       100%        5
 Bombard                  Conj/Erth      0%         9d1       100%        6
 Conjure Ball Lightning   Conj/Air       0%         3x3d6     100%        6
 Eringya's Noxious Bog    Alch           0%         4d6       100%        6
 Gell's Gavotte           Tloc           0%         2d(11-16) 100%        6
 Permafrost Eruption      Ice/Erth       0%         2x4d1     100%        6
 Plasma Beam              Fire/Air       0%         2x1d10    100%        6
 Enfeeble                 Hex            0%         N/A       100%        7
 Magnavolt                Erth/Air       0%         3d9       100%        7
 Manifold Assault         Tloc           0%         N/A       100%        7
 Orb of Destruction       Conj           0%         9d5       100%        7
 Ozocubu's Refrigeration  Ice            0%         4d7       100%        7
 Rimeblight               Ice/Necr       0%         2d3       (prima100%   7
 Discord                  Hex            0%         N/A       100%        8
 Disjunction              Tloc           0%         N/A       100%        8
 Maxwell's Capacitive Co  Air            0%         ∞         100%        8
 Call Imp                 Summ           Unusable   N/A       N/A         2
 Sublimation of Blood     Necr           Unusable   N/A       N/A         2
 Call Canine Familiar     Summ           Unusable   N/A       N/A         3
 Summon Ice Beast         Ice/Summ       Unusable   N/A       N/A         3
 Tukima's Dance           Hex            Unusable   N/A       N/A         3
 Animate Armour           Summ/Erth      Unusable   N/A       N/A         4
 Animate Dead             Necr           Unusable   N/A       N/A         4
 Martyr's Knell           Necr/Summ      Unusable   N/A       N/A         4
 Summon Blazeheart Golem  Fire/Summ      Unusable   N/A       N/A         4
 Summon Lightning Spire   Summ/Air       Unusable   N/A       N/A         4
 Summon Forest            Summ/Tloc      Unusable   N/A       N/A         5
 Summon Mana Viper        Hex/Summ       Unusable   N/A       N/A         5
 Sculpt Simulacrum        Ice/Alch       Unusable   N/A       N/A         6
 Summon Cactus Giant      Summ           Unusable   N/A       N/A         6
 Haunt                    Necr/Summ      Unusable   N/A       N/A         7
 Malign Gateway           Summ/Tloc      Unusable   N/A       N/A         7
 Monstrous Menagerie      Summ           Unusable   N/A       N/A         7
 Seismic Cannonade        Alch/Erth      Unusable   6d4       N/A         7
 Spellforged Servitor     Conj/Summ      Unusable   N/A       N/A         7
 Summon Hydra             Summ           Unusable   N/A       N/A         7
 Infestation              Necr           Unusable   N/A       N/A         8
 Summon Horrible Things   Summ           Unusable   N/A       N/A         8
 Dragon's Call            Summ           Unusable   N/A       N/A         9

Inventory:

Hand Weapons
 a - a +9 vampiric broad axe (weapon) {axe}
   (You took it off a death knight on level 15 of the Dungeon)
 O - a +4 broad axe of freezing {axe}
   (You took it off a white draconian in an ice cave)
Armour
 g - the +0 hat of Recklessness (worn) {rElec Will++ Regen+ Int-2}
   (You acquired it on level 3 of the Depths)

   Int-2:     It affects your intelligence (-2).
   rElec:     It insulates you from electricity.
   Will++:    It greatly increases your willpower.
   Regen+:    It increases your rate of health regeneration.
 i - the scarf of Coronation (worn) {rC+ rF+, Str+5 Int+4}
   (Okawaru gifted it to you on level 11 of the Dungeon)

   Str+5:     It affects your strength (+5).
   Int+4:     It affects your intelligence (+4).
 Q - a +5 kite shield of reflection (worn)
   (You took it off Donald on level 3 of the Spider Nest)
 R - a +2 robe of willpower (melded)
   (You took it off a necromancer on level 15 of the Dungeon)
Jewellery
 k - a ring of resist corrosion
   (You found it in a Gauntlet)
 l - a ring of protection from cold
   (You took it off a deep elf archer on level 3 of the Elven Halls)
 m - the ring "Racomn" (left fist) {rF++ rN+ Str+6 Int+4}
   (You found it in a Gauntlet)

   [ring of strength]

   Str+6:     It affects your strength (+6).
   Int+4:     It affects your intelligence (+4).
   rF++:      It greatly protects you from fire.
   rN+:       It protects you from negative energy.
 o - the ring "Boeghyx" {Fly Dex+3}
   (You bought it in a shop on level 3 of the Depths)

   [ring of flight]

   Dex+3:     It affects your dexterity (+3).
   Fly:       It grants you flight.
 p - a ring of see invisible
   (You found it on level 9 of the Dungeon)
 I - a +5 ring of evasion (right fist)
   (You found it on level 10 of the Dungeon)
 L - the ring of Zeuqidynn {rC+ rN+ Will+ Int+2}
   (You acquired it on level 3 of the Realm of Zot)

   [ring of protection from cold]

   Int+2:     It affects your intelligence (+2).
   rC+:       It protects you from cold.
   rN+:       It protects you from negative energy.
   Will+:     It increases your willpower.
 W - an amulet of reflection (around neck)
   (You found it on level 1 of the Elven Halls)
 X - a ring of willpower
   (You found it on level 2 of the Elven Halls)
Talismans
 U - a granite talisman (active)
   (You found it on level 2 of the Vaults)
Wands
 d - a wand of flame (24)
   (You found it on level 8 of the Dungeon)
 e - a wand of iceblast (40)
 v - a wand of polymorph (31)
   (You found it on level 5 of the Dungeon)
 z - a wand of quicksilver (21)
   (You found it in a wizard's laboratory)
 A - a wand of digging (12)
   (You found it on level 4 of the Shoals)
 G - a wand of mindburst (44)
   (You found it in a wizard's laboratory)
Scrolls
 j - 4 scrolls of fog
 q - 3 scrolls of immolation {!r!r}
 r - 9 scrolls of poison {!r}
 s - 2 scrolls of summoning
 t - 7 scrolls of brand weapon
 x - a scroll of fear
 y - 4 scrolls of silence {!r}
 C - 11 scrolls of blinking {!r}
 F - 2 scrolls of enchant armour
 H - 9 scrolls of teleportation {@r4}
Potions
 b - 5 potions of magic
 c - 9 potions of heal wounds {@q2}
 h - 10 potions of might
 n - 3 potions of invisibility
 w - 8 potions of mutation {!q}
 B - 4 potions of resistance
 E - 2 potions of cancellation
 J - 9 potions of haste {@q3}
 K - 10 potions of ambrosia
 S - 3 potions of enlightenment
 T - 9 potions of curing {@q1}
 V - 4 potions of attraction {!q}
Miscellaneous
 f - a tin of tremorstones (2/2) {throwing}
   (You found it on level 4 of the Shoals)
 u - a lightning rod (4/4)
   (You found it on level 2 of the Spider Nest)
 M - a phantom mirror
   (You found it in a Gauntlet)

Dungeon Overview and Level Annotations

Branches:
Dungeon (15/15)            Temple (1/1) D:4            Lair (5/5) D:11
 Shoals (4/4) Lair:3       Spider (4/4) Lair:3        Slime (0/5) Lair:4
    Orc (2/2) D:11            Elf (3/3) Orc:2        Vaults (5/5) D:13
  Crypt (0/3) Vaults:2     Depths (4/4) D:15            Zot (5/5) Depths:4
  IceCv (visited)          WizLab (visited)         Gauntlet (visited)

Altars:
Ashenzari
Cheibriados
Dithmenos
Elyvilon
Fedhas
Gozag
Hepliaklqana
Kikubaaqudgha
Makhleb
Nemelex Xobeh
Okawaru
Qazlal
Ru
Sif Muna
Trog
Uskayaw
Vehumet
Wu Jian
Xom
Yredelemnul
Zin
The Shining One
Jiyva
Lugonu

Shops:
D:3 :   D:6 :([   D:9 (   D:11 [   D:12 *   D:13 *   Orc:2 (*[*[(   Shoals:3 :
Vaults:4 *   Vaults:5 ?*[[   Depths:3 *??(   Depths:4 *[*

Portals:
Hell: Depths:1 Depths:3 Depths:4
Abyss: Depths:2 Depths:3
Pandemonium: Depths:1 Depths:2
Ziggurat: Depths:2

Annotations:
D:4 Grinder
D:5 3 runed translucent doors, exclusion: upstairs, Takeo's ghost, amateur CoGl
D:9 3 runed translucent doors, exclusion: 2 oklob plants, Autsider's ghost, novice OnSh
Lair:3 1 runed translucent door, Grimmash's ghost, journeyman MDCj
Orc:2 1 exclusion
Depths:1 1 runed translucent door
Depths:2 2 exclusions

..[........)..........>#
..........#####......#.##
..........#####..###.#..##
..........#....#####.....#
...######...#####...##.#.#
#### #...###...[.##.#.#
####.##........##.#)#
#....##.........###.#
#....##....I....###.#
#....###....♣....##.#
#....###.........##.#
#########.#.##........##.#
....# #.#.##.....###...#
....### #.#.##...#####...#
......# #.#...#####.....##
......# #.###.# ####..#
..[..[###.# #.# #..##


There were no monsters in sight!


Message History

You open the sun demon like a pillowcase!!!
You kill the sun demon!
Okawaru accepts your kill.
You hit the sun demon but do no damage. You slice the balrug!!
You block the balrug's attack.
A blizzard demon comes into view.
You block the sun demon's attack. The balrug gestures at you.
The fireball explodes!
The fireball engulfs you. You resist.
The fireball engulfs the balrug.
The balrug completely resists.
The fireball engulfs the sun demon.
The sun demon completely resists.
The blizzard demon moves out of view.
You chop the balrug into pieces!!!
You kill the balrug!
Okawaru accepts your kill.
You hit the sun demon but do no damage. You block the sun demon's attack.
A demonspawn blood saint comes into view.
It is wielding a +0 dagger.
The sun demon hits you but does no damage.
You slice the sun demon!!
You claw the sun demon, but do no damage.
You slash the sun demon! You block the sun demon's attack.
The sun demon misses you. You block the sun demon's attack.
You hit the sun demon.
You kill the sun demon!
Okawaru accepts your kill.
You closely miss the sun demon. You block the sun demon's attack.
You slice the sun demon!! Your kick misses the sun demon.
You headbutt the sun demon.
You hit the blizzard demon but do no damage.
You block the sun demon's attack.
You block the blizzard demon's attack. x2
The sun demon misses you.
You slice the sun demon!!
You kill the sun demon!
Okawaru accepts your kill.
You slice the blizzard demon!!
The blizzard demon waves its arms in wide circles.
The air twists around and strikes you.
You slice the blizzard demon!! Your kick misses the blizzard demon.
You headbutt the blizzard demon.
You kill the blizzard demon!
Okawaru accepts your kill.
You block the demonspawn blood saint's attack.
You closely miss the demonspawn blood saint.
You claw the demonspawn blood saint, but do no damage.
The demonspawn blood saint misses you. 😕 HP[-1]
You take 1 damage, and now have 376/377 hp.
You slice the demonspawn blood saint like a ripe choko!!!
You feel better.
You claw the demonspawn blood saint, but do no damage.
You headbutt the demonspawn blood saint, but do no damage.
You block the demonspawn blood saint's attack. 😎 HP[+1]
Your hp is fully restored (377).
You slice the demonspawn blood saint!! You claw the demonspawn blood saint!
You block the demonspawn blood saint's attack.
You slice the demonspawn blood saint!!
You kill the demonspawn blood saint!
Okawaru accepts your kill.
You see here a +0 demon whip {mace}.
You see here a +0 short sword {short}.
Things that are here:
a +0 club {mace}; a goblin skeleton
There is a stone staircase leading up here.
You climb upwards.
There is a stone staircase leading down, spattered with blood here.
You see here a ball python skeleton.
An Orb Guardian comes into view.
You see here a +0 robe.
The Orb Guardian moves out of view.
You block the Orb Guardian's attack. x2
An Orb Guardian comes into view.
There is a staircase leading out of the dungeon here.
You slice the Orb Guardian!! Your kick misses the Orb Guardian.
Your headbutt misses the Orb Guardian. You block the Orb Guardian's attack.
You hit the Orb Guardian. You claw the Orb Guardian!!
Your headbutt misses the Orb Guardian. You block the Orb Guardian's attack. x2
You carve the Orb Guardian like a ham!!!
You kill the Orb Guardian!
Okawaru accepts your kill.
You can now speed up your combat.
You block the Orb Guardian's attack.
You chop the Orb Guardian into pieces!!!
You claw the Orb Guardian. Your headbutt misses the Orb Guardian.
You block the Orb Guardian's attack.
You hit the Orb Guardian but do no damage.
You claw the Orb Guardian. You block the Orb Guardian's attack. x2
You slash the Orb Guardian! Your kick misses the Orb Guardian.
Your headbutt misses the Orb Guardian. You block the Orb Guardian's attack.
You slash the Orb Guardian! Your kick misses the Orb Guardian.
You headbutt the Orb Guardian. You block the Orb Guardian's attack. x2
You barely miss the Orb Guardian.
You claw the Orb Guardian, but do no damage.
Your headbutt misses the Orb Guardian. The Orb Guardian completely misses you.
You closely miss the Orb Guardian. Your kick misses the Orb Guardian.
Your headbutt misses the Orb Guardian. You block the Orb Guardian's attack. x2
You slice the Orb Guardian!!
You kill the Orb Guardian!
Okawaru accepts your kill.
You have escaped!

Skill      XL: |  1  2  3  4  5  6  7  8  9 10 11 12 13 14 15 16 17 18 19 20 21 22 23 24 25 26 27 |
---------------+----------------------------------------------------------------------------------+-----
Fighting       | 2 3 5 6 8 9 10 12 16 21 22 25 27 | 27.0
Maces & Flails | 4 8 10 13 15 17 18 | 18.0
Invocations    | 3 9 10 | 10.0
Armour         | 4 7 10 | 10.0
Dodging        | 5 8 10 12 | 12.0
Axes           | 8 12 14 | 14.2
Shields        | 7 11 13 15 | 15.0
Shapeshifting  | 9 14 16 18 22 24 26 | 26.5
Stealth        | 11 | 11.7
Evocations     | |  2.4

Action                     |  1- 3 |  4- 6 |  7- 9 | 10-12 | 13-15 | 16-18 | 19-21 | 22-24 | 25-27 || total
---------------------------+-------+-------+-------+-------+-------+-------+-------+-------+-------++-------
  Melee: Club              |    30 |       |       |       |       |       |       |       |       ||    30
         Whip              |    95 |    71 |       |       |       |       |       |       |       ||   166
         Headbutt          |    22 |    26 |    65 |    97 |    83 |   176 |   396 |   284 |   262 ||  1411
         Flail             |       |    74 |   278 |       |       |       |       |       |       ||   352
         Mace              |       |       |    25 |   313 |       |       |       |       |       ||   338
         Giant club        |       |       |       |   119 |   422 |   706 |    60 |       |       ||  1307
         Kick              |       |       |       |       |       |   206 |   683 |   437 |   402 ||  1728
         Broad axe         |       |       |       |       |       |       |  1235 |  1053 |   855 ||  3143
  Throw: Dart              |       |       |     6 |     8 |       |       |       |       |       ||    14
         Throwing net      |       |       |     1 |       |       |       |       |       |       ||     1
 Invoke: Receive Weapon    |       |       |       |     1 |       |       |       |       |       ||     1
         Receive Armour    |       |       |       |     1 |       |       |       |       |       ||     1
         Heroism           |       |       |       |     4 |    20 |    21 |    26 |    17 |    15 ||   103
         Finesse           |       |       |       |     2 |     9 |     9 |     8 |    11 |    13 ||    52
         Duel              |       |       |       |       |       |     1 |       |       |       ||     1
  Evoke: Wand              |     1 |    18 |    12 |    11 |       |       |    11 |     3 |     1 ||    57
         Lightning rod     |       |       |       |       |       |       |       |     4 |       ||     4
    Use: Scroll            |       |     1 |     7 |    18 |     8 |     7 |    12 |     8 |     8 ||    69
         Potion            |       |       |       |     4 |     1 |    11 |     2 |     2 |     5 ||    25
   Stab: Sleeping          |     1 |     3 |     1 |     2 |     3 |     2 |     4 |     9 |    12 ||    37
         Distracted        |       |       |       |     3 |     5 |    10 |     3 |       |     2 ||    23
 Armour: Robe              |    82 |   138 |   276 |   319 |   195 |     2 |   408 |     1 |       ||  1421
         Acid dragon scale |       |       |       |       |       |   799 |   249 |       |       ||  1048
         Ice dragon scales |       |       |       |       |       |       |    72 |       |       ||    72
         Skin              |       |       |       |       |       |       |       |  1013 |   647 ||  1660
  Dodge: Dodged            |    63 |   112 |   184 |   231 |   211 |   553 |   391 |   471 |   410 ||  2626
  Block: Kite shield       |       |       |       |       |       |       |   660 |  1447 |   994 ||  3101
         Reflection        |       |       |       |       |       |       |    56 |    89 |    45 ||   190
   Form: Statue            |       |       |       |       |       |       |       |     1 |       ||     1

Levels and vault maps discovered:
D:1:      spicycebolla_green_bress_n_ham, layout_basic, minmay_pentomino_q2
D:2:      layout_basic, lexackson_kobold_supper
D:3:      layout_basic, serial_shops, nicolae_shop_mannequins,
          kennysheep_generic_room_7, uniq_jessica, uniq_sigmund
D:4:      layout_loops_cross, minmay_temple_entry_tees, uniq_grinder
D:5:      layout_loops_ring, lemuel_crystal_altar, gammafunk_ghost_split,
          st_stairs_14, kennysheep_diamond
D:6:      layout_cave_pools, serial_shops, shop, nicolae_shop_back_alley_shop,
          shop, nicolae_shop_real_fake_doors, supply_closet_lemuel
D:7:      layout_rooms, serial_curves, eino_curves_03, eino_curves_01,
          eino_curves_01, nicolae_lava_and_water
D:8:      layout_rooms, lemuel_coloured_pillars_altar
D:9:      minmay_the_grid_net [minmay_the_grid_expand, minmay_the_grid_eight,
          minmay_the_grid_dragon_b, minmay_the_grid_spin_star,
          minmay_the_grid_pillar_ring, minmay_the_grid_prize_trominoes],
          layout_loops_ring, serial_shops, nicolae_shop_waterfront,
          gammafunk_ghost_necromancy, disabler_island, uniq_harold, uniq_joseph
D:10:     layout_loops_ring, vehumet_altar_wand_db, nicolae_overflow_squiral,
          minivault_12
D:11:     layout_roguey, david_lair_shrubbed, erik_orc_1, serial_shops, shop,
          nicolae_wwwww, fedhas_ov_isle_minmay
D:12:     layout_long_grid, serial_shops, shop, evilmike_minifort
D:13:     layout_small_grid, david_vaults_2, serial_shops, shop
D:14:     layout_basic, okawaru_metal_pillars_1_2, kennysheep_generic_room_4
D:15:     grunt_enter_depths_magical_seal, layout_gridville
Temple:   nicolae_temple_bog_church
Lair:1:   layout_regular_city, grunt_megastairs_4
Lair:2:   layout_regular_city, gauntlet_entry_generic, grunt_megastairs_1
Lair:3:   layout_chaotic_city, nicolae_shoals_entry_roost,
          spider_nest_entry_web_field, ebering_ghost_reflecting_pool,
          serial_bayou_pond_c, lemuel_fruit_fields
Lair:4:   layout_long_grid, dpeg_slime_entry_corner, grunt_megastairs_5,
          uniq_rupert
Lair:5:   gammafunk_lair_ancient_temple, layout_hall_layers, st_stairs_6,
          chequers_serial_rivers_large_a
Shoals:1: layout_shoals, nicolae_shoals_lost_giant_hut,
          nicolae_shoals_land_atoll
Shoals:2: layout_shoals
Shoals:3: layout_shoals, serial_shops, shop, uniq_mlioglotl
Shoals:4: shoals_end_hellmonk_holy_island, uniq_nikola
Spider:1: nicolae_spider_jumping_over_cracks [nicolae_spider_jumping_sub_moat,
          nicolae_spider_jumping_sub_notch, nicolae_spider_jumping_sub_moat,
          nicolae_spider_jumping_sub_notch], nicolae_spider_swamp_cousins,
          uniq_kirke, uniq_azrael
Spider:2: lemuel_spider_zombies, nicolae_spider_webbed_stairs
Spider:3: layout_cave_pods, drop_trap, uniq_donald
Spider:4: spider_rune_water, uniq_bai_suzhen
Orc:1:    layout_caves, basic_altar
Orc:2:    st_orc_open, layout_caves, serial_shops, shop, shop,
          nicolae_orc_stony_grotto, led_sif_book, uniq_urug, uniq_snorg,
          uniq_josephine
Elf:1:    eino_elf_arrival_the_gate, layout_loops_corners,
          portal_ice_cave_entry_ugly_swarm, hangedman_elf_disciples,
          serial_library_hellmonk_metal_room, uniq_norris
Elf:2:    elven_hall_of_blades_hangedman_original
          [nicolae_blade_entry_area_security], layout_geoelf_grid
Elf:3:    elf_hall, layout_loops_cross
Vaults:1: mu_enter_wizlab_6, nicolae_vaults_offset_grid_hallway_4,
          ontoclasm_vaults_fault, hangedman_vaults_slice,
          nicolae_vaults_thirteen_compartments, v_pattern_2,
          nicolae_vaults_closet_pinwheel_4, v_rooms_5, nicolae_vaults_wrenched,
          nicolae_vaults_cornered_office, nicolae_vaults_double_plus_2,
          nicolae_vaults_trapezoid_4, layout_vaults_omnibox, uniq_asterion
Vaults:2: nicolae_vaults_octothorpe, nicolae_vaults_closet_pinwheel_6,
          v_alt_pattern_2, nicolae_vaults_six-pack, v_misc_29,
          ontoclasm_vaults_claustrophobia, hangedman_vaults_stagger,
          hangedman_vaults_corner, ontoclasm_vaults_misaligned,
          minmay_crypt_entry_skeletal_spiral, grunt_vaults_focal,
          nicolae_vaults_shelves_hall, nicolae_vaults_little_squares_6,
          layout_vaults_ring
Vaults:3: v_alt_pattern_5, special_room_vaults [special_room_orc],
          serial_library_hellmonk_open_cross, v_misc_30, ontoclasm_vaults_eye,
          v_alt_pattern_6, v_rooms_1, nicolae_vaults_border_crossing,
          nicolae_vaults_apartment_1, nicolae_vaults_double_plus_3,
          nicolae_vaults_house_2, grunt_vaults_hallway_short,
          nicolae_vaults_octothorpe, nicolae_vaults_house_1,
          layout_vaults_omnicross
Vaults:4: nicolae_vaults_doubleplus_tesselated, hangedman_vaults_unwind,
          nicolae_vaults_heart-shaped_vault, v_pattern_1, st_quartered_hall,
          vaults_standard_mumra_x, nicolae_vaults_asterisk,
          hangedman_vaults_trim, ontoclasm_vaults_twist,
          grunt_vaults_hallway_short, layout_vaults_omnigrid, serial_shops, shop
Vaults:5: uniq_xtahua
Depths:1: layout_basic, hell_entry, rand_demon_pan_entry_7, hex_intersection,
          serial_rivers, chequers_serial_rivers_room_b,
          chequers_serial_rivers_small_3, chequers_serial_rivers_micro_a,
          chequers_serial_rivers_micro_b, chequers_serial_rivers_micro_e,
          chequers_serial_rivers_small_3, grunt_absolute_annihilation
Depths:2: gammafunk_jiyva_shrine, layout_gridville, enter_ziggurat_d,
          rand_demon_pan_entry_5, hellmouth_1, abyss_entry_flame_altar,
          kennysheep_flooded_box, kennysheep_generic_room_6, firewood_loft,
          minmay_staircase_statues, uniq_vv
Depths:3: thingy_vault, layout_basic, abyss_entry_crystal,
          chequers_serial_rivers_micro_c, serial_shops, shop,
          nicolae_shop_tiny_statue_garden, shop, kennysheep_mini,
          grunt_hell_horde, kennysheep_generic_room_2
Depths:4: grunt_zot_entry_gee_three, layout_cave_shapes, hell_entry,
          nicolae_wu_jian_wuxing_cycle, serial_shops, nicolae_shop_trees, shop,
          serial_sigils_hangedman_gnaw, nicolae_alphabet_shops
Zot:1:    dreamdust_black_sun_cult, layout_onion_interference, uniq_josephina
Zot:2:    layout_misc_corridors, gammafunk_ghost_split, st_stairs_9,
          regret_index_zotdec_abyssal_contain_seething_sorcery
Zot:3:    bobbens_index_wilting_gardens, layout_onion, grunt_ministairs_10
Zot:4:    layout_basic, uniq_grunn
Zot:5:    layout_onion, basic_altar, hangedman_zot_decor_tridents

Notes
Turn   | Place    | Note
-------+----------+-------------------------------------------
     0 | D:1      | MackTheKnife the Oni Artificer began the quest for the Orb.
     0 | D:1      | Reached XP level 1. HP: 19/19 MP: 1/1
     0 | D:1      | magus.rc [v1.9.6]
    52 | D:1      | Reached skill level 2 in Fighting
   100 | D:1      | Reached XP level 2. HP: 27/29 MP: 2/2
   146 | D:1      | Reached skill level 3 in Fighting
   315 | D:1      | Reached XP level 3. HP: 37/39 MP: 3/3
   325 | D:1      | Reached skill level 4 in Fighting
   361 | D:1      | You pick up a book of Power and begin reading...
   361 | D:1      | You add the spells Iskenderun's Battlesphere, Bombard and
                  | Spellforged Servitor to your library.
   363 | D:1      | You pick up a book of Weapons and begin reading...
   363 | D:1      | You add the spells Tukima's Dance, Dimensional Bullseye and
                  | Iskenderun's Mystic Blast to your library.
   381 | D:1      | You pick up a book of Misfortune and begin reading...
   381 | D:1      | You add the spells Jinxbite, Yara's Violent Unravelling and
                  | Enfeeble to your library.
  1007 | D:2      | Reached skill level 5 in Fighting
  1007 | D:2      | Reached XP level 4. HP: 47/50 MP: 4/4
  1708 | D:3      | Noticed Sigmund
  2033 | D:3      | Noticed a walking crystal tome
  2035 | D:3      | Found Ittohoock's Book Boutique.
  2037 | D:3      | Noticed a walking crystal tome
  2099 | D:3      | Noticed Jessica
  2109 | D:3      | Killed Jessica
  2110 | D:3      | Reached skill level 6 in Fighting
  2185 | D:3      | Reached XP level 5. HP: 59/59 MP: 5/5
  2202 | D:3      | Killed Sigmund
  2203 | D:3      | Reached skill level 8 in Fighting
  2203 | D:3      | Reached XP level 6. HP: 67/72 MP: 6/6
  2459 | D:3      | You pick up a book of the Senses and begin reading...
  2459 | D:3      | You add the spells Dazzling Flash, Mephitic Cloud and
                  | Silence to your library.
  3020 | D:4      | Reached skill level 9 in Fighting
  3312 | D:4      | Reached XP level 7. HP: 74/83 MP: 7/7
  3548 | D:4      | Found a staircase to the Ecumenical Temple.
  3589 | Temple   | Entered the Ecumenical Temple
  3610 | Temple   | Became a worshipper of Warmaster Okawaru
  3700 | D:4      | You add the spells Arcjolt and Maxwell's Capacitive
                  | Coupling to your library.
  4053 | D:4      | Noticed Grinder
  4053 | D:4      | Paralysed by Grinder for 2 turns
  4057 | D:5      | Entered Level 5 of the Dungeon
  4074 | D:5      | Reached skill level 10 in Fighting
  4229 | D:5      | Reached skill level 1 in Maces & Flails
  4414 | D:5      | Found a runed translucent gate.
  4416 | D:5      | Found a runed translucent gate.
  4417 | D:5      | Found a runed translucent gate.
  4419 | D:5      | Noticed Takeo's ghost (amateur CoGl)
  4450 | D:5      | Reached skill level 2 in Maces & Flails
  4516 | D:5      | Found a shadowy altar of Dithmenos.
  4619 | D:5      | Reached skill level 3 in Maces & Flails
  4785 | D:5      | Reached skill level 4 in Maces & Flails
  4785 | D:5      | Reached XP level 8. HP: 83/93 MP: 8/8
  4836 | D:5      | Reached * piety under Okawaru
  4978 | D:5      | Reached skill level 5 in Maces & Flails
  5391 | D:5      | Reached skill level 6 in Maces & Flails
  5808 | D:6      | Reached ** piety under Okawaru
  5809 | D:6      | Reached skill level 7 in Maces & Flails
  6008 | D:6      | You pick up a book of Weapons and begin reading...
  6137 | D:6      | Found Disown's Book Shop.
  6207 | D:6      | Found Litog's Magic Scroll Boutique.
  6216 | D:6      | You pick up a book of Dreams and begin reading...
  6216 | D:6      | You add the spells Ensorcelled Hibernation, Fugue of the
                  | Fallen and Anguish to your library.
  6219 | D:6      | Bought a scroll of blinking for 97 gold pieces
  6219 | D:6      | Bought a scroll of poison for 52 gold pieces
  6219 | D:6      | Bought a scroll of fear for 52 gold pieces
  6219 | D:6      | Bought a scroll of identify for 26 gold pieces
  6219 | D:6      | Bought a scroll of identify for 26 gold pieces
  6219 | D:6      | Bought a scroll of teleportation for 39 gold pieces
  6406 | D:6      | Reached skill level 8 in Maces & Flails
  6406 | D:6      | Reached XP level 9. HP: 75/101 MP: 9/9
  6558 | D:6      | Found Ruestrus's Antique Armour Shop.
  6698 | D:6      | Found Wamempah's Weapon Shoppe.
  7005 | D:7      | Reached skill level 9 in Maces & Flails
  7054 | D:7      | Reached *** piety under Okawaru
  7292 | D:7      | Identified the +3 mace of Osoas {drain, *Slow rElec rN+
                  | Int+7}
  7500 | D:7      | You pick up a book of Battle and begin reading...
  7500 | D:7      | You add the spells Ozocubu's Armour and Manifold Assault to
                  | your library.
  7569 | D:7      | Reached skill level 10 in Maces & Flails
  7715 | D:7      | Noticed a two-headed ogre
  7844 | D:7      | Killed a two-headed ogre
  7844 | D:7      | Reached **** piety under Okawaru
  7845 | D:7      | Reached skill level 12 in Fighting
  7845 | D:7      | Reached XP level 10. HP: 115/115 MP: 10/10
  8005 | D:8      | Noticed a two-headed ogre
  8477 | D:8      | Reached skill level 13 in Fighting
  8840 | D:8      | Killed a two-headed ogre
  8840 | D:8      | Reached ***** piety under Okawaru
  8841 | D:8      | Reached skill level 14 in Fighting
  9397 | D:8      | Found a sparkling altar of Nemelex Xobeh.
  9458 | D:9      | Paralysed by a hornet for 2 turns
  9465 | D:9      | Paralysed by a hornet for 3 turns
  9466 | D:9      | HP: 25/123 [hornet (6)]
  9467 | D:9      | HP: 9/123 [hornet (8)]
  9472 | D:9      | Reached skill level 15 in Fighting
  9664 | D:9      | Found Anoen's Weapon Shoppe.
  9673 | D:9      | Found a runed translucent gate.
  9674 | D:9      | Found a runed translucent gate.
  9674 | D:9      | Found a runed translucent gate.
  9734 | D:6      | Bought a buzzing robe for 165 gold pieces
  9734 | D:6      | Identified the +2 robe "Qaffajac" {rCorr Stlth+} (You
                  | bought it in a shop on level 6 of the Dungeon)
  9901 | D:9      | Noticed Joseph
  9903 | D:9      | Joseph changed into Joseph the water moccasin
  9903 | D:9      | Noticed Joseph
  9913 | D:9      | Killed Joseph the water moccasin
  9913 | D:9      | Received a gift from Okawaru
  9919 | D:9      | Noticed a centaur warrior
  9946 | D:9      | Noticed a two-headed ogre
  9969 | D:9      | Killed a two-headed ogre
  9970 | D:9      | Reached skill level 16 in Fighting
 10069 | D:9      | Killed a centaur warrior
 10069 | D:9      | Received a gift from Okawaru
 10070 | D:9      | Reached XP level 11. HP: 76/135 MP: 11/11
 10209 | D:9      | Noticed a white ugly thing
 10209 | D:9      | Noticed a rakshasa
 10277 | D:9      | Noticed Autsider's ghost (novice OnSh)
 10320 | D:9      | Noticed an oklob plant
 10428 | D:9      | Noticed an oklob plant
 10517 | D:9      | Noticed Harold
 10518 | D:9      | Reached skill level 11 in Maces & Flails
 10529 | D:9      | Killed Harold
 10534 | D:9      | Noticed a cyclops
 10538 | D:9      | Noticed a purple ugly thing
 10552 | D:10     | Entered Level 10 of the Dungeon
 10557 | D:10     | Noticed a two-headed ogre
 10562 | D:10     | Killed a two-headed ogre
 10562 | D:10     | Received a gift from Okawaru
 10563 | D:10     | Reached skill level 12 in Maces & Flails
 10671 | D:10     | Found a radiant altar of Vehumet.
 10996 | D:10     | Found a sacrificial altar of Ru.
 10997 | D:10     | Found a burning altar of Makhleb.
 11128 | D:10     | Noticed a two-headed ogre
 11129 | D:10     | Noticed an orc knight
 11129 | D:10     | Noticed an ogre mage
 11129 | D:10     | Noticed an orc knight
 11129 | D:10     | Noticed an entropy weaver
 11138 | D:10     | Noticed a harpy
 11138 | D:10     | Noticed a tengu warrior
 11138 | D:10     | Noticed a brown ugly thing
 11138 | D:10     | Noticed an ogre mage
 11376 | D:11     | Found a blossoming altar of Fedhas.
 11429 | D:11     | Found a staircase to the Orcish Mines.
 11792 | D:11     | Noticed a two-headed ogre
 11809 | D:11     | Killed a two-headed ogre
 11810 | D:11     | Reached skill level 13 in Maces & Flails
 11873 | D:11     | Received a gift from Okawaru
 11873 | D:11     | Reached ****** piety under Okawaru
 11911 | D:11     | Acquired a +5 spectral giant club
 11911 | D:11     | Received a gift from Okawaru
 11918 | D:11     | Acquired the scarf of Coronation {rC+ rF+, Str+5 Int+4}
 11918 | D:11     | Received a gift from Okawaru
 12086 | D:11     | Reached skill level 1 in Invocations
 12419 | D:11     | Found Isiraedy's Armour Emporium.
 12429 | D:11     | Found a staircase to the Lair.
 12626 | D:11     | Reached skill level 2 in Invocations
 12928 | Lair:1   | Entered Level 1 of the Lair of Beasts
 12965 | Lair:1   | Reached skill level 3 in Invocations
 12970 | Lair:1   | Reached XP level 12. HP: 137/144 MP: 12/14
 13067 | Lair:1   | Reached skill level 4 in Invocations
 13103 | Lair:1   | Reached skill level 14 in Maces & Flails
 13136 | Lair:1   | Reached skill level 5 in Invocations
 13269 | Lair:1   | Received a gift from Okawaru
 13355 | Lair:1   | Reached skill level 6 in Invocations
 13559 | Lair:1   | Received a gift from Okawaru
 13581 | Lair:1   | Reached skill level 7 in Invocations
 13856 | Lair:2   | Reached skill level 8 in Invocations
 13888 | Lair:2   | Found a gate leading to a gauntlet.
 13890 | Lair:2   | You pick up a book of Weapons and begin reading...
 13898 | Gauntlet | Entered a Gauntlet
 13898 | Gauntlet | Found a transporter.
 13898 | Gauntlet | Found a transporter.
 13898 | Gauntlet | Found a transporter.
 13920 | Gauntlet | Found a transporter.
 13920 | Gauntlet | Found a transporter.
 13932 | Gauntlet | Found a transporter.
 13934 | Gauntlet | Found a transporter.
 13950 | Gauntlet | Found a transporter.
 13961 | Gauntlet | Noticed a reaper
 13975 | Gauntlet | Noticed a death yak
 13976 | Gauntlet | Noticed a death yak
 13977 | Gauntlet | Noticed a death yak
 13977 | Gauntlet | Noticed a death yak
 13977 | Gauntlet | Noticed a death yak
 13978 | Gauntlet | Noticed a death yak
 13992 | Gauntlet | Found a transporter.
 14033 | Gauntlet | Found the amulet of the Four Winds {rN+ Will+++ Clar}
 14034 | Gauntlet | Found a transporter.
 14037 | Gauntlet | Found a transporter.
 14120 | Gauntlet | You add the spells Static Discharge, Cigotuvi's Dreadful
                  | Rot and Magnavolt to your library.
 14120 | Gauntlet | Got Sif Muna's Catalogue of Fettered Austromancy
 14195 | Gauntlet | Reached skill level 15 in Maces & Flails
 14199 | Gauntlet | Received a gift from Okawaru
 14230 | Gauntlet | Identified the ring "Racomn" {rF++ rN+ Str+6 Int+4}
 14316 | Gauntlet | Identified the amulet "Gojusche" {Acrobat rN+}
 14341 | Gauntlet | Found a transporter.
 14351 | Gauntlet | Identified the +0 crystal plate armour "Xedixeh" {rF+ rN+
                  | Will+}
 14351 | Gauntlet | Noticed a minotaur
 14353 | Gauntlet | Killed a minotaur
 14354 | Gauntlet | Reached skill level 9 in Invocations
 14355 | Gauntlet | t - the +0 crystal plate armour "Xedixeh" {rF+ rN+ Will+,
                  | rare=g}
 14361 | Gauntlet | Identified the ring "Uremual" {rPois Int+6 Slay+3}
 14362 | Gauntlet | You add the spells Foxfire, Shock and Hailstorm to your
                  | library.
 14362 | Gauntlet | Got the Thoughts on Force
 14362 | Gauntlet | You add the spells Leda's Liquefaction, Petrify and
                  | Borgnjor's Vile Clutch to your library.
 14362 | Gauntlet | Got the Codex of the Stallion
 14431 | Lair:2   | Reached XP level 13. HP: 134/152 MP: 18/20
 14511 | Lair:2   | Reached skill level 10 in Invocations
 14513 | Lair:2   | Received a gift from Okawaru
 14745 | Lair:2   | Reached skill level 16 in Maces & Flails
 15628 | Lair:3   | Found a staircase to the Shoals.
 15635 | Lair:3   | Reached skill level 17 in Maces & Flails
 15636 | Lair:3   | Received a gift from Okawaru
 15855 | Lair:3   | Found a runed translucent door.
 15941 | Lair:3   | Noticed Grimmash's ghost (journeyman MDCj)
 15959 | Lair:3   | Found a hole to the Spider Nest.
 16543 | Lair:4   | Received a gift from Okawaru
 16569 | Lair:4   | You pick up a book of Blasting and begin reading...
 16569 | Lair:4   | You add the spells Volatile Blastmotes and Fulminant Prism
                  | to your library.
 16850 | Lair:4   | Noticed Rupert
 16862 | Lair:4   | Killed Rupert
 17026 | Lair:4   | Found a staircase to the Slime Pits.
 17031 | Lair:4   | Found a viscous altar of Jiyva.
 17347 | Lair:5   | Entered Level 5 of the Lair of Beasts
 17354 | Lair:5   | Reached XP level 14. HP: 163/163 MP: 21/21
 17372 | Lair:5   | Reached skill level 17 in Fighting
 17382 | Lair:5   | Received a gift from Okawaru
 17398 | Lair:5   | Reached skill level 18 in Maces & Flails
 17520 | Lair:5   | Noticed a dire elephant
 17525 | Lair:5   | Killed a dire elephant
 17563 | Lair:5   | Reached skill level 18 in Fighting
 17568 | Lair:5   | Got the Quarto of Combat Magic and Reconfiguration {@e2}
 17901 | Lair:5   | Received a gift from Okawaru
 17906 | Lair:5   | Reached skill level 19 in Fighting
 18062 | Lair:5   | You drop the +0 crystal plate armour "Xedixeh" {rF+ rN+
                  | Will+, rare=g}.
 18179 | Lair:5   | t - the +0 crystal plate armour "Xedixeh" {rF+ rN+ Will+,
                  | rare=g}
 18180 | Lair:5   | You drop the +0 crystal plate armour "Xedixeh" {rF+ rN+
                  | Will+, rare=g}.
 18181 | Lair:5   | t - the +0 crystal plate armour "Xedixeh" {rF+ rN+ Will+,
                  | rare=g}
 19256 | Orc:1    | Entered Level 1 of the Orcish Mines
 19411 | Orc:1    | Received a gift from Okawaru
 19412 | Orc:1    | Reached skill level 20 in Fighting
 19616 | Orc:2    | Entered Level 2 of the Orcish Mines
 19616 | Orc:2    | Noticed Urug
 19624 | Orc:2    | Killed Urug
 19698 | Orc:2    | Found Tick's Antique Weapon Shop.
 19700 | Orc:2    | Noticed Snorg
 19709 | Orc:2    | Killed Snorg
 19889 | Orc:2    | Reached skill level 21 in Fighting
 19895 | Orc:2    | Reached XP level 15. HP: 113/187 MP: 15/22
 20089 | Orc:2    | Found Mekioreg's Antique Armour Boutique.
 20113 | Orc:2    | Found a staircase to the Elven Halls.
 20152 | Orc:2    | Received a gift from Okawaru
 20349 | Orc:2    | Found Kewk's Assorted Antiques.
 20350 | Orc:2    | Found Wiump's Antique Armour Boutique.
 20355 | Orc:2    | Found Osaikh's Assorted Antiques.
 20357 | Orc:2    | Noticed Josephine
 20365 | Orc:2    | Killed Josephine
 20691 | Orc:2    | Reached skill level 22 in Fighting
 20760 | Orc:2    | Found Foumpiwk's Weapon Shop.
 20764 | Orc:2    | Bought a thick bronze amulet for 120 gold pieces
 20796 | Orc:2    | Paralysed by an ogre mage for 3 turns
 20800 | Orc:2    | Reached skill level 1 in Armour
 20960 | Orc:2    | Found a shimmering blue altar of Sif Muna.
 21155 | Orc:1    | Noticed an orc warlord
 21155 | Orc:1    | Found a shimmering altar of Xom.
 21198 | Orc:1    | Reached skill level 3 in Dodging
 21200 | Orc:1    | Killed an orc warlord
 21201 | Orc:1    | Reached skill level 2 in Armour
 21855 | D:9      | Identified the +0 robe of an ossuary {rC+}
 21866 | D:9      | Identified the ring "Eloarih" {rF+ Int+4 Dex+6}
 21928 | D:9      | Identified a potion of experience
 21929 | D:9      | Reached skill level 4 in Armour
 21929 | D:9      | Reached skill level 5 in Dodging
 21929 | D:9      | Reached XP level 16. HP: 200/200 MP: 23/23
 22497 | D:12     | Reached skill level 5 in Armour
 22713 | D:12     | Found Zizos's General Store.
 23198 | D:12     | Reached skill level 6 in Dodging
 23394 | D:12     | You pick up a book of Necromancy and begin reading...
 23394 | D:12     | You add the spells Necrotise, Vampiric Draining and Curse
                  | of Agony to your library.
 23407 | D:13     | Found a gate to the Vaults.
 23432 | D:13     | Reached skill level 6 in Armour
 23735 | D:12     | magus.rc [v1.9.6]
 23744 | D:13     | You pick up a book of Blasting and begin reading...
 23769 | D:13     | Reached skill level 7 in Dodging
 23794 | D:13     | magus.rc [v1.9.6]
 23842 | D:13     | Found Zaon's General Store.
 23845 | D:13     | Bought a potion of curing for 48 gold pieces
 23929 | D:13     | You fall into a shaft and drop 2 floors!
 23929 | D:15     | Entered Level 15 of the Dungeon
 23997 | D:15     | Received a gift from Okawaru
 24111 | D:15     | Reached skill level 7 in Armour
 24458 | D:15     | Reached skill level 8 in Dodging
 24571 | D:14     | Found an iron altar of Okawaru.
 24773 | D:14     | Reached XP level 17. HP: 196/208 MP: 24/24
 24829 | D:14     | Reached skill level 8 in Armour
 25764 | D:13     | Gained mutation: You have sharp toenails. [potion of
                  | mutation]
 25764 | D:13     | Gained mutation: You expend magic power (3 MP) to
                  | strengthen your wands. [potion of mutation]
 25764 | D:13     | Gained mutation: Your flesh is cold resistant. (rC+)
                  | [potion of mutation]
 25764 | D:13     | Gained mutation: You are partially covered in iridescent
                  | scales. (AC +2) [potion of mutation]
 26173 | D:15     | Received a gift from Okawaru
 26422 | D:15     | Reached skill level 9 in Dodging
 26555 | D:15     | Found a staircase to the Depths.
 26588 | D:15     | You pick up a book of Debilitation and begin reading...
 26588 | D:15     | You add the spells Slow and Confusing Touch to your
                  | library.
 26638 | D:15     | Identified the +5 war axe of Lies {drain, rPois}
 27031 | Spider:1 | Entered Level 1 of the Spider Nest
 27031 | Spider:1 | Noticed Kirke
 27115 | Lair:3   | Killed Kirke
 27116 | Lair:3   | Reached skill level 9 in Armour
 27447 | Lair:3   | magus.rc [v1.9.6]
 27791 | Spider:1 | HP: 49/208 [wolf spider[a sun moth] (8)]
 27794 | Spider:1 | Reached skill level 10 in Dodging
 27799 | Spider:1 | Noticed Azrael
 27806 | Spider:1 | Reached skill level 10 in Armour
 27808 | Arena    | Entered the Arena
 27808 | Arena    | HP: 34/208 [Azrael/damnation (37)]
 27811 | Arena    | Killed Azrael
 27812 | Arena    | Reached skill level 1 in Axes
 27838 | Spider:1 | Reached skill level 2 in Axes
 27990 | Spider:1 | Reached skill level 3 in Axes
 28014 | Spider:1 | Reached skill level 4 in Axes
 28040 | Spider:1 | HP: 51/208 [redback (3)]
 28207 | Spider:1 | Reached skill level 5 in Axes
 28393 | Spider:1 | You pick up a book of Blasting and begin reading...
 28408 | Spider:1 | You pick up a book of Frost and begin reading...
 28408 | Spider:1 | You add the spells Freeze and Frozen Ramparts to your
                  | library.
 28601 | Spider:1 | You add the spells Olgreb's Toxic Radiance, Ozocubu's
                  | Refrigeration and Discord to your library.
 28614 | Spider:1 | You pick up a book of Conjurations {@e2} and begin
                  | reading...
 28614 | Spider:1 | You add the spells Magic Dart and Searing Ray to your
                  | library.
 28720 | Spider:1 | Learned a level 3 spell: Fugue of the Fallen
 28770 | Spider:2 | Reached skill level 6 in Axes
 28956 | Spider:2 | Received a gift from Okawaru
 28968 | Spider:2 | Reached skill level 7 in Axes
 29304 | Spider:1 | Reached skill level 8 in Axes
 29588 | Spider:1 | Reached XP level 18. HP: 206/218 MP: 25/25
 29608 | Spider:1 | Received a gift from Okawaru
 30223 | Spider:2 | Reached skill level 9 in Axes
 30341 | Spider:2 | Reached skill level 1 in Shields
 30379 | Spider:2 | Reached skill level 2 in Shields
 30750 | Spider:2 | Reached skill level 3 in Shields
 31105 | Spider:2 | You pick up a book of the Wilderness and begin reading...
 31260 | Spider:3 | Identified a +0 crystal plate armour
 31260 | Spider:3 | Noticed Donald
 31264 | Spider:3 | Reached skill level 10 in Axes
 31274 | Spider:3 | Killed Donald
 31275 | Spider:3 | Reached skill level 4 in Shields
 31305 | Spider:3 | Received a gift from Okawaru
 31412 | Spider:3 | R - a +0 crystal plate armour {rare=g}
 31585 | Spider:3 | Reached skill level 5 in Shields
 31783 | Spider:3 | You pick up a book of Frost and begin reading...
 32224 | Spider:4 | Entered Level 4 of the Spider Nest
 32248 | Spider:4 | Reached skill level 11 in Axes
 32266 | Spider:4 | Received a gift from Okawaru
 32267 | Spider:4 | Reached skill level 6 in Shields
 32893 | Spider:4 | HP: 38/202 [spark wasp (15)]
 33247 | Spider:4 | magus.rc [v1.9.6]
 33247 | Spider:4 | magus.rc [v1.9.6]
 33270 | Spider:4 | Noticed Bai Suzhen
 33385 | Spider:4 | Killed Bai Suzhen
 33386 | Spider:4 | Reached skill level 7 in Shields
 33926 | Spider:4 | a +0 crystal plate armour {rare}; a box of beasts
 33928 | Spider:4 | Reached skill level 12 in Axes
 34127 | Spider:4 | Reached XP level 19. HP: 222/226 MP: 26/26
 34651 | Spider:4 | Reached skill level 8 in Shields
 35050 | Spider:4 | Got a gossamer rune of Zot
 35345 | Vaults:1 | Entered Level 1 of the Vaults
 35353 | Vaults:1 | Received a gift from Okawaru
 35429 | Vaults:1 | Found a magical portal.
 35488 | WizLab   | Entered Eringya's Formal Garden
 35579 | WizLab   | Reached skill level 13 in Axes
 35802 | WizLab   | You pick up a book of Death and begin reading...
 35898 | WizLab   | Reached skill level 9 in Shields
 35965 | WizLab   | Paralysed by a fenstrider witch for 2 turns
 36017 | WizLab   | HP: 32/226 [deep elf master archer/arrow (26)]
 36025 | WizLab   | HP: 42/226 [deep elf master archer/arrow (17)]
 36484 | WizLab   | Received a gift from Okawaru
 36875 | WizLab   | Identified the staff of Action {rElec Int+3 Dex+3 Air}
 36911 | WizLab   | Found a blossoming altar of Fedhas.
 36958 | WizLab   | You pick up a book of Conjurations {@e2} and begin
                  | reading...
 36977 | WizLab   | Got Eringya's Compendium of Tinctures
 37466 | D:6      | Bought a scroll of enchant weapon for 97 gold pieces
 37466 | D:6      | Bought a scroll of enchant weapon for 97 gold pieces
 37470 | D:6      | magus.rc [v1.9.6]
 37824 | Vaults:1 | Reached skill level 10 in Shields
 37974 | Vaults:1 | Reached skill level 14 in Axes
 38382 | Vaults:1 | Received a gift from Okawaru
 38695 | Vaults:1 | Noticed Asterion
 38710 | Vaults:1 | Killed Asterion
 38938 | Vaults:1 | Reached skill level 11 in Shields
 39340 | Vaults:1 | Paralysed by a formless jellyfish for 1 turns
 39541 | Vaults:1 | Reached XP level 20. HP: 221/236 MP: 24/27
 39543 | Vaults:1 | Received a gift from Okawaru
 39744 | Vaults:1 | Reached skill level 12 in Shields
 40382 | Vaults:1 | magus.rc [v1.9.6]
 40500 | Vaults:2 | Received a gift from Okawaru
 40920 | Vaults:2 | Reached skill level 1 in Shapeshifting
 41014 | Vaults:2 | Reached skill level 2 in Shapeshifting
 41019 | Vaults:2 | Found a staircase to the Crypt.
 41250 | Vaults:2 | You fall into a shaft and drop 2 floors!
 41298 | Vaults:4 | Paralysed by a formless jellyfish for 1 turns
 41353 | Vaults:4 | Reached skill level 13 in Shields
 41357 | Vaults:4 | Reached skill level 3 in Shapeshifting
 41490 | Vaults:4 | You pick up a book of Geomancy and begin reading...
 41490 | Vaults:4 | You add the spells Sandblast, Stone Arrow and Passwall to
                  | your library.
 41504 | Vaults:4 | Reached skill level 4 in Shapeshifting
 41609 | Vaults:4 | Reached skill level 5 in Shapeshifting
 41734 | Vaults:4 | Found Heneceg's Assorted Antiques.
 41740 | Vaults:4 | Bought a scroll of revelation for 247 gold pieces
 41781 | Vaults:4 | Reached skill level 6 in Shapeshifting
 41856 | Vaults:4 | Reached skill level 7 in Shapeshifting
 41903 | Vaults:4 | You pick up a book of Battle and begin reading...
 42085 | Vaults:4 | Paralysed by a formless jellyfish for 1 turns
 42266 | Vaults:4 | Reached skill level 8 in Shapeshifting
 42800 | Vaults:3 | Reached skill level 9 in Shapeshifting
 42910 | Vaults:3 | HP: 56/236 [orc knight/+3 great sword (26)]
 42910 | Vaults:3 | HP: 26/236 [orc knight/+0 great sword (30)]
 43409 | Vaults:3 | Reached XP level 21. HP: 207/245 MP: 23/28
 43692 | Vaults:3 | Reached skill level 10 in Shapeshifting
 43990 | Vaults:3 | Received a gift from Okawaru
 44167 | Vaults:3 | Reached skill level 11 in Shapeshifting
 44837 | Vaults:2 | Reached skill level 12 in Shapeshifting
 44897 | Vaults:2 | Received a gift from Okawaru
 45436 | Vaults:1 | magus.rc [v1.9.6]
 45589 | Elf:1    | Entered Level 1 of the Elven Halls
 45681 | Elf:1    | Noticed Norris
 45693 | Elf:1    | Killed Norris
 45700 | Elf:1    | Reached skill level 13 in Shapeshifting
 45796 | Elf:1    | Found a glacial archway.
 45818 | IceCv    | Entered an ice cave
 45994 | IceCv    | Reached skill level 14 in Shapeshifting
 46364 | IceCv    | Received a gift from Okawaru
 46847 | Elf:1    | Reached XP level 22. HP: 194/254 MP: 29/29
 47189 | Elf:1    | You pick up a book of Chaos and begin reading...
 47189 | Elf:1    | You add the spells Conjure Ball Lightning and Disjunction
                  | to your library.
 47198 | Elf:1    | You pick up a book of Power and begin reading...
 47329 | Elf:1    | Reached skill level 15 in Shapeshifting
 47738 | Elf:2    | You pick up a book of Dangerous Friends and begin
                  | reading...
 47874 | Elf:2    | Found a runed translucent gate.
 47902 | Elf:2    | Found a runed translucent gate.
 47903 | Elf:2    | Found a runed translucent gate.
 48320 | Elf:2    | Reached skill level 16 in Shapeshifting
 48618 | Elf:3    | Entered Level 3 of the Elven Halls
 48685 | Elf:3    | Gained mutation: Your muscles are strong. (Str +4, Int/Dex
                  | -1) [a neqoxec]
 49193 | Elf:3    | Identified the +5 glaive "Xaepposhre" {freeze, Will+++
                  | Str-5 Dex+6}
 49234 | Elf:3    | Reached skill level 23 in Fighting
 49254 | Elf:3    | Received a gift from Okawaru
 49255 | Elf:3    | Identified the +2 rapier of Distraction {venom, rPois rN+++
                  | Str+2 Dex-5}
 49261 | Elf:3    | Gained mutation: Armour fits poorly on your strangely
                  | shaped body. [a cacodemon]
 49264 | Elf:3    | Reached skill level 24 in Fighting
 49621 | Elf:3    | Got Yvup's Incunabulum of Fatal Breath
 49639 | Elf:3    | Identified the +10 glaive of Crusades {flame, rPois}
 49647 | Elf:3    | You pick up a book of the Wilderness and begin reading...
 49653 | Elf:3    | You pick up a book of the Tundra and begin reading...
 49666 | Elf:3    | Got the Annotations on the Grey Flock
 49670 | Elf:3    | Got the Teachings on the Rocks and Algor
 50046 | Shoals:1 | Entered Level 1 of the Shoals
 50047 | Shoals:1 | magus.rc [v1.9.6]
 50845 | Shoals:2 | Reached skill level 25 in Fighting
 51345 | Shoals:3 | Reached XP level 23. HP: 276/276 MP: 30/30
 51386 | Shoals:3 | Noticed Mlioglotl
 51403 | Shoals:3 | Killed Mlioglotl
 51507 | Shoals:3 | You pick up a book of Beasts and begin reading...
 51677 | Shoals:3 | You pick up a book of the Hunter and begin reading...
 51702 | Shoals:3 | Found Meujae's Book Emporium.
 51929 | Shoals:4 | Entered Level 4 of the Shoals
 51986 | Shoals:4 | Reached skill level 26 in Fighting
 52029 | Shoals:4 | Found a glowing silver altar of Zin.
 52128 | Shoals:4 | Noticed Nikola
 52142 | Shoals:4 | Killed Nikola
 52154 | Shoals:4 | Found a glowing golden altar of the Shining One.
 52283 | Shoals:4 | You pick up a book of Movement and begin reading...
 52283 | Shoals:4 | You add the spells Vhi's Electric Charge and Gell's Gavotte
                  | to your library.
 52317 | Shoals:4 | Identified the +4 troll leather armour of the Shining Light
                  | {rC+ Regen+ Int+5}
 52357 | Shoals:4 | Reached skill level 27 in Fighting
 52362 | Shoals:4 | Reached skill level 1 in Stealth
 52394 | Shoals:4 | Found a white marble altar of Elyvilon.
 52407 | Shoals:4 | Got a barnacled rune of Zot
 52771 | Depths:1 | Entered Level 1 of the Depths
 52777 | Depths:1 | Reached skill level 2 in Stealth
 52781 | Depths:1 | Reached skill level 3 in Stealth
 52788 | Depths:1 | Reached skill level 4 in Stealth
 52796 | Depths:1 | Reached skill level 5 in Stealth
 52802 | Depths:1 | Reached skill level 6 in Stealth
 52873 | Depths:1 | Identified the +4 trident "Qoidghics" {flame, rPois}
 53014 | Depths:1 | Found a one-way gate leading to the halls of Pandemonium.
 53016 | Depths:1 | Reached skill level 7 in Stealth
 53174 | Depths:1 | Reached skill level 8 in Stealth
 53201 | Depths:1 | Found a gateway to Hell.
 53233 | Depths:1 | Received a gift from Okawaru
 53426 | Depths:1 | Reached skill level 9 in Stealth
 53597 | Depths:1 | Reached skill level 10 in Stealth
 53647 | Depths:1 | Found a runed translucent door.
 53650 | Depths:1 | Found a radiant altar of Vehumet.
 53650 | Depths:1 | Noticed an ancient lich
 54039 | Depths:1 | magus.rc [v1.9.6]
 54134 | Depths:2 | Found a transporter.
 54148 | Depths:2 | Reached skill level 11 in Stealth
 54244 | Depths:2 | Found a viscous altar of Jiyva.
 54244 | Depths:2 | Found a transporter.
 54269 | Depths:2 | Found a corrupted altar of Lugonu.
 54269 | Depths:2 | Found a one-way gate to the infinite horrors of the Abyss.
 54272 | Depths:2 | Received a gift from Okawaru
 54393 | Depths:2 | Reached XP level 24. HP: 295/295 MP: 30/30
 54478 | Depths:2 | Found a one-way gateway to a ziggurat.
 54478 | Depths:2 | Noticed an ancient lich
 54609 | Depths:2 | Noticed Vv
 54635 | Depths:2 | Killed Vv
 54979 | Depths:2 | Reached skill level 14 in Shields
 55004 | Depths:2 | Identified the amulet of the Magpie {Spirit rPois Will-
                  | Int+4}
 55077 | Depths:3 | Found Kephaw's Magic Scroll Shop.
 55086 | Depths:3 | Bought a scroll of teleportation for 39 gold pieces
 55086 | Depths:3 | Bought a scroll of blinking for 97 gold pieces
 55161 | Depths:3 | Found Sitinir's Weapon Boutique.
 55175 | Depths:3 | Received a gift from Okawaru
 55417 | Depths:3 | Reached skill level 15 in Shields
 55693 | Depths:3 | You pick up a book of Maladies and begin reading...
 55694 | Depths:3 | Found Avis's Assorted Antiques.
 55697 | Depths:3 | Bought a faintly glowing amber ring for 215 gold pieces
 55697 | Depths:3 | Identified the ring "Boeghyx" {Fly Dex+3} (You bought it in
                  | a shop on level 3 of the Depths)
 55698 | Depths:3 | Bought a potion of mutation for 344 gold pieces
 55698 | Depths:3 | Bought a scroll labelled TET KAMUOWK for 43 gold pieces
 55698 | Depths:3 | Bought a scroll of blinking for 322 gold pieces
 55698 | Depths:3 | Bought a scroll of teleportation for 129 gold pieces
 55698 | Depths:3 | Acquired a manual of Shapeshifting
 55731 | Depths:3 | Found Jiumocih's Magic Scroll Shop.
 55739 | Depths:3 | Bought a scroll of acquirement for 728 gold pieces
 55739 | Depths:3 | Acquired the +0 hat of Recklessness {rElec Will++ Regen+
                  | Int-2}
 55755 | Depths:2 | Identified the staff "Luenk" {rElec rPois rF- Int+6 SInv
                  | Air}
 56003 | Depths:3 | Noticed a caustic shrike
 56011 | Depths:3 | Killed a caustic shrike
 56012 | Depths:3 | Reached skill level 11 in Dodging
 56012 | Depths:3 | Received a gift from Okawaru
 56088 | Depths:3 | Reached skill level 17 in Shapeshifting
 56187 | Depths:3 | Noticed a caustic shrike
 56198 | Depths:3 | Killed a caustic shrike
 56395 | Depths:4 | Entered Level 4 of the Depths
 56445 | Depths:4 | Found Diweejuu's Desiderata Depot.
 56448 | Depths:4 | Noticed a juggernaut
 56457 | Depths:4 | Killed a juggernaut
 56458 | Depths:4 | Reached skill level 12 in Dodging
 56522 | Depths:4 | Reached skill level 18 in Shapeshifting
 56550 | Depths:4 | Reached XP level 25. HP: 304/304 MP: 30/30
 56607 | Depths:4 | Found an ornate altar of the Wu Jian Council.
 56621 | Depths:4 | Found Gatuq's Armour Shop.
 56653 | Depths:4 | Found Zecedy's Assorted Antiques.
 56657 | Depths:4 | Received a gift from Okawaru
 56660 | Depths:4 | Bought 2 potions of heal wounds for 290 gold pieces
 56660 | Depths:4 | Bought a scroll of enchant armour for 217 gold pieces
 56952 | Depths:4 | +0 shadow dragon scales {rare}; a +0 dire flail {mace}; a
                  | shadow dragon corpse
 56954 | Depths:4 | +0 shadow dragon scales {rare}; a +0 dire flail {mace}; a
                  | shadow dragon corpse
 56969 | Depths:4 | +0 shadow dragon scales {rare}; a +0 dire flail {mace}; a
                  | shadow dragon corpse
 56970 | Depths:4 | Found a gate to the Realm of Zot.
 56975 | Depths:4 | +0 shadow dragon scales {rare}; a +0 dire flail {mace}; a
                  | shadow dragon corpse
 57378 | Vaults:5 | Entered Level 5 of the Vaults
 57385 | Vaults:5 | Reached skill level 19 in Shapeshifting
 57409 | Vaults:5 | Noticed Xtahua
 57413 | Vaults:5 | Reached skill level 20 in Shapeshifting
 57431 | Vaults:5 | Identified +0 gold dragon scales
 57434 | Vaults:5 | Killed Xtahua
 57442 | Vaults:5 | Received a gift from Okawaru
 57470 | Vaults:5 | Reached skill level 21 in Shapeshifting
 57493 | Vaults:5 | Received a gift from Okawaru
 57499 | Vaults:5 | Identified the +0 robe "Tafuxoas" {+Inv rC+ Int-5 Archmagi}
 57642 | Vaults:5 | Identified the +4 plate armour "Udorph" {+Inv rElec rN+
                  | Str-2}
 57713 | Vaults:5 | Got a silver rune of Zot
 58060 | Vaults:5 | Reached skill level 22 in Shapeshifting
 58085 | Vaults:5 | Noticed a dread lich
 58100 | Vaults:5 | Reached XP level 26. HP: 313/313 MP: 30/30
 58112 | Vaults:5 | Killed a dread lich
 58123 | Vaults:5 | Found Intuips's Antique Armour Shoppe.
 58137 | Vaults:5 | Found Guyg's Antique Armour Boutique.
 58165 | Vaults:5 | Found Jotzibe's General Store.
 58169 | Vaults:5 | Bought a scroll of enchant weapon for 112 gold pieces
 58169 | Vaults:5 | Bought a scroll of fog for 60 gold pieces
 58174 | Vaults:5 | Found Qacaceg's Magic Scroll Emporium.
 58178 | Vaults:5 | Bought a scroll of enchant weapon for 157 gold pieces
 58258 | Vaults:5 | You pick up a book of Weapons and begin reading...
 58276 | Vaults:5 | You pick up a book of Dangerous Friends and begin
                  | reading...
 58344 | Vaults:5 | Received a gift from Okawaru
 58354 | Vaults:5 | Identified the +0 scale mail of Wadezu Origo {^Drain rCorr
                  | Str-4 Int+6}
 58468 | Vaults:5 | Identified the +5 shortbow of Harmony {freeze, rF+ rCorr
                  | Stlth-}
 58871 | Depths:4 | +0 shadow dragon scales {rare}; a +0 dire flail {mace}; a
                  | shadow dragon skeleton
 58881 | Zot:1    | Entered Level 1 of the Realm of Zot
 58907 | Depths:4 | magus.rc [v1.9.6]
 58909 | Zot:1    | Noticed an electric golem
 58962 | Zot:1    | Killed an electric golem
 59035 | Zot:2    | Noticed an electric golem
 59044 | Zot:2    | Killed an electric golem
 59073 | Zot:3    | Noticed a curse toe
 59078 | Zot:3    | Reached skill level 23 in Shapeshifting
 59089 | Zot:3    | Killed a curse toe
 59338 | Zot:3    | Noticed a curse toe
 59373 | Zot:3    | Killed a curse toe
 59375 | Zot:3    | Received a gift from Okawaru
 59466 | Zot:3    | Got the Catalogue of the Grave
 59629 | Zot:3    | Noticed a curse toe
 59641 | Zot:3    | Killed a curse toe
 59692 | Zot:3    | You pick up a book of Iron and begin reading...
 59817 | Zot:3    | Acquired the ring of Zeuqidynn {rC+ rN+ Will+ Int+2}
 59920 | Zot:4    | Reached skill level 24 in Shapeshifting
 60032 | Zot:5    | Entered Level 5 of the Realm of Zot
 60032 | Zot:5    | Found a sparkling altar of Nemelex Xobeh.
 60045 | Zot:5    | Noticed an orb of fire
 60050 | Zot:5    | Gained mutation: Your body sometimes deteriorates upon
                  | taking damage. [an orb of fire]
 60053 | Zot:5    | Gained mutation: You are mostly covered in iridescent
                  | scales. (AC +4) [an orb of fire]
 60059 | Zot:5    | Lost mutation: Your muscles are strong. (Str +4, Int/Dex
                  | -1) [an orb of fire]
 60060 | Zot:5    | Killed an orb of fire
 60060 | Zot:5    | Received a gift from Okawaru
 60228 | Zot:5    | Noticed a curse toe
 60240 | Zot:5    | Killed a curse toe
 60445 | Zot:5    | Noticed a dread lich
 60463 | Zot:5    | Killed a dread lich
 60464 | Zot:5    | Noticed a Killer Klown
 60493 | Zot:5    | Killed a Killer Klown
 60517 | Zot:5    | Noticed an orb of fire
 60517 | Zot:5    | Gained mutation: Your body often deteriorates upon taking
                  | damage. [an orb of fire]
 60520 | Zot:5    | Noticed an electric golem
 60524 | Zot:5    | Gained mutation: You are clumsy. (Dex -2) [an orb of fire]
 60532 | Zot:5    | Killed an orb of fire
 60532 | Zot:5    | Received a gift from Okawaru
 60533 | Zot:5    | Reached XP level 27. HP: 323/323 MP: 25/30
 60535 | Zot:5    | Killed an electric golem
 60536 | Zot:5    | Reached skill level 25 in Shapeshifting
 60536 | Zot:5    | Noticed an orb of fire
 60545 | Zot:5    | Killed an orb of fire
 60592 | Zot:5    | Noticed a curse toe
 60605 | Zot:5    | Killed a curse toe
 60638 | Zot:5    | Got the Orb of Zot
 60651 | Zot:5    | Noticed an orb of fire
 60653 | Zot:5    | Noticed an electric golem
 60654 | Zot:5    | Noticed an orb of fire
 60658 | Zot:5    | Gained mutation: You are frail. (-10% HP) [an orb of fire]
 60661 | Zot:5    | Killed an electric golem
 60792 | Zot:3    | Noticed Zaikkel the pandemonium lord
 60811 | Zot:3    | Killed Zaikkel the pandemonium lord
 60923 | Zot:3    | Noticed Ylomir the pandemonium lord
 60933 | Zot:3    | Killed Ylomir the pandemonium lord
 61011 | Depths:4 | +0 shadow dragon scales {rare}; a +0 dire flail {mace}; a
                  | shadow dragon skeleton
 61039 | Depths:4 | Reached skill level 26 in Shapeshifting
 61403 | D:8      | Noticed Zegisif the pandemonium lord
 61570 | D:$      | Escaped with the Orb!

Vanquished Creatures
  3 orbs of fire (Zot:5)
  2 dread liches
  A juggernaut (Depths:4)
  Xtahua (Vaults:5)
  Bai Suzhen (Spider:4)
  A Killer Klown (Zot:5)
  Vv (Depths:2)
  5 curse toes
  2 caustic shrikes (Depths:3)
  Nikola (Shoals:4)
  4 golden dragons (Vaults:5)
  2 pandemonium lords (Zot:3)
  Norris (Elf:1)
  A profane servitor (D:4)
  A Tzitzimitl (Depths:1)
  4 electric golems
  3 tentacled monstrosities
  A Hell Sentinel (D:11)
  Rupert (Lair:4)
  A hellephant (Depths:3)
  3 liches
  32 Orb Guardians
  Mlioglotl (Shoals:3)
  2 Ice Fiends
  3 deep elf blademasters
  5 quicksilver dragons
  Asterion (Vaults:1)
  6 titans (Vaults:5)
  13 death cobs
  8 sphinxes
  An acid blob (Depths:2)
  5 deep elf master archers
  An ancient champion (Vaults:2)
  Kirke (Lair:3)
  8 storm dragons
  5 tengu reavers
  14 shadow dragons
  A nagaraja (Depths:1)
  3 fenstrider witches (WizLab)
  Donald (Spider:3)
  3 fire giants
  A rockslime (Depths:2)
  4 azure jellies (Depths:2)
  A draconian monk (Zot:3)
  10 deep elf sorcerers
  3 emperor scorpions
  4 protean progenitors
  4 draconian knights
  14 frost giants
  5 balrugs
  9 ghost moths
  2 iron dragons
  A reaper (Depths:1)
  20 vault wardens
  7 draconian stormcallers
  4 orc warlords
  An angel (Shoals:4)
  18 ironbound preservers
  2 deep elf elementalists (Elf:3)
  3 demonspawn blood saints
  19 very ugly things
  A draconian annihilator (Depths:4)
  12 stone giants
  3 broodmothers
  7 ironbound thunderhulks
  2 eleionomae (WizLab)
  5 formless jellyfish
  A demonspawn black sun (D:11)
  5 purple draconians
  8 deep elf death magi
  2 lorocyprocas
  6 green draconians
  9 deep elf annihilators
  5 deep elf demonologists (Elf:3)
  4 red draconians
  4 yellow draconians
  Azrael (Arena)
  2 black draconians
  4 white draconians
  A minotaur (Gauntlet)
  2 war gargoyles (Vaults:5)
  12 dire elephants
  8 spark wasps
  9 fire dragons
  3 blizzard demons
  6 merfolk javelineers
  2 green deaths
  Snorg (Orc:2)
  3 jiangshi (Depths:3)
  Josephine (Orc:2)
  14 merfolk impalers
  3 deep elf high priests
  15 ettins
  Harold (D:9)
  11 great orbs of eyes
  19 yaktaur captains
  4 entropy weavers
  A shambling mangrove (WizLab)
  4 hydras
  2 ghost crabs (Spider:1)
  3 jorogumos
  17 ice dragons
  15 ironbound frosthearts
  2 death knights (D:15)
  28 vault guards
  6 ogre magi
  8 rakshasas
  4 radroaches
  An alligator snapping turtle (Shoals:2)
  9 merfolk aquamancers
  A merfolk avatar (Lair:5)
  14 boulder beetles
  2 sphinx skeletons (Vaults:2)
  21 dancing weapons
  5 satyrs
  17 centaur warriors
  4 death yaks
  25 two-headed ogres
  2 tengu warriors (Depths:2)
  5 hell hogs (Depths:3)
  3 orc high priests
  4 spriggan berserkers
  11 demonic crawlers
  12 deep troll shamans
  5 occultists
  A titan zombie (Depths:2)
  2 vampire magi (Depths:3)
  7 deep troll earth magi
  Urug (Orc:2)
  5 hell knights
  3 naga sharpshooters (WizLab)
  9 sun demons
  10 deep elf knights
  3 shadow wraiths
  7 skeletal warriors
  8 skysharks
  A titan skeleton (Vaults:2)
  6 pharaoh ants
  9 iron trolls
  5 cherubim
  5 sea snakes
  6 deep elf archers
  A sun moth (shapeshifter) (Vaults:5)
  2 deep trolls (shapeshifter)
  3 shadow demons
  58 deep trolls
  7 glowing orange brains
  7 arcanists
  A sun moth (Spider:1)
  4 orb spiders
  An orange crystal statue (IceCv)
  6 steelbarb worms
  16 ironbound convokers
  2 thermic dynamos (Elf:3)
  A lightning spire (Gauntlet)
  10 phantasmal warriors
  A tengu zombie (Depths:2)
  2 orc sorcerers
  6 lindwurms
  9 harpies
  8 necromancers
  13 orc knights
  22 wolf spiders
  An elf skeleton (Vaults:2)
  23 deep elf zephyrmancers
  6 wolf spider zombies (Spider:2)
  22 fauns
  26 deep elf pyromancers
  15 moths of wrath
  44 ugly things
  An oklob plant (WizLab)
  13 cyclopes
  14 manticores
  6 black mambas
  An apocalypse crab (Gauntlet)
  4 elephants
  3 fire giant skeletons
  3 kobold blastminers (Orc:1)
  A centaur zombie (D:15)
  A human skeleton (Vaults:2)
  A meliai (shapeshifter) (Vaults:5)
  3 water nymphs (shapeshifter)
  A water nymph (Shoals:3)
  A smoke demon (Zot:5)
  24 vault sentinels
  An orange demon (Zot:3)
  A large abomination (D:13)
  6 merfolk sirens
  3 gargoyles
  A torpor snail (shapeshifter) (Elf:3)
  13 cane toads
  A cane toad (shapeshifter) (D:15)
  3 unseen horrors
  16 rime drakes
  2 hellions
  An unseen horror (shapeshifter) (Elf:3)
  2 centaur skeletons (D:15)
  8 torpor snails
  28 yaktaurs
  An efreet (D:13)
  2 tormentors
  4 freezing wraiths
  11 komodo dragons
  A yaktaur skeleton (Vaults:2)
  A golden dragon simulacrum (Depths:2)
  9 redback zombies (Spider:2)
  An ice devil (Zot:3)
  5 tengu conjurers
  A red devil (Zot:3)
  A hellwing (Zot:3)
  13 polar bears
  32 merfolk
  17 trolls
  A tengu simulacrum (Vaults:3)
  5 tyrant leeches (Spider:1)
  42 tarantellas
  A tarantella (shapeshifter) (D:15)
  6 wind drakes
  8 hornets
  52 jumping spiders
  A glass eye (Depths:3)
  A polar bear (shapeshifter) (Elf:1)
  21 blink frogs
  2 raiju (Gauntlet)
  10 snapping turtles
  A stone giant simulacrum (Vaults:3)
  8 culicivora zombies (Spider:2)
  5 tarantella zombies (Spider:2)
  18 dream sheep
  A snapping turtle (shapeshifter) (Depths:4)
  36 slime creatures
  An air elemental (Elf:3)
  A deep troll skeleton (Vaults:2)
  A culicivora (shapeshifter) (Elf:3)
  18 culicivoras
  3 wyverns
  Sigmund (D:3)
  2 shadows
  2 spriggans (Depths:2)
  2 ettin skeletons (Vaults:2)
  15 water elementals
  6 wraiths
  55 yaks
  6 fire elementals
  2 golden eyes
  A warg (Orc:1)
  84 redbacks
  2 hogs (Lair:3)
  A human (Spider:1)
  4 steam dragons
  7 vampire mosquitoes (Spider:1)
  4 basilisks
  A glowing shapeshifter zombie (Depths:2)
  A chaos spawn (Zot:3)
  2 acid dragons
  An acid dragon (shapeshifter) (Elf:2)
  3 swamp worms (Gauntlet)
  An ogre skeleton (Vaults:2)
  13 water moccasins
  3 hell hounds (Spider:1)
  2 ice beasts
  38 orc warriors
  A swamp drake (D:11)
  A deep troll simulacrum (Vaults:3)
  2 sky beasts
  2 black bears
  27 ogres
  A boggart (Elf:1)
  11 centaurs
  20 wolves
  A phantom (D:6)
  A kobold brigand (D:11)
  20 bullfrogs
  2 earth elementals
  A gnoll sergeant (D:7)
  A scorpion (D:4)
  8 killer bees
  2 electric eels
  7 howler monkeys
  2 bombardier beetles
  4 hounds
  3 jellies
  21 orc priests
  3 sleepcaps
  Jessica (D:3)
  7 iguanas
  22 orc wizards
  A boggart simulacrum (D:15)
  8 gnolls
  4 adders
  3 white imps
  8 ufetubi
  2 dart slugs
  A ribbon worm (D:5)
  84 orcs
  7 ball pythons
  5 endoplasms
  7 giant cockroaches
  11 goblins
  7 hobgoblins
  11 jackals
  3 quokkas
  8 bats
  4 frilled lizards
  18 kobolds
  10 rats
  2 spectral weapons (Vaults:1)
2257 creatures vanquished.

Vanquished Creatures (collateral kills)
  An orc priest (D:3)
  2 orcs (D:3)
3 creatures vanquished.

Vanquished Creatures (others)
  A rakshasa (Depths:1)
  A manticore (Shoals:2)
  An unseen horror (D:13)
  2 merfolk
  A redback (Spider:1)
  A scorpion (D:4)
  A howler monkey (D:12)
  An orc wizard (D:3)
  An orc (D:3)
  A spectral weapon (D:15)
11 creatures vanquished.

Grand Total: 2271 creatures vanquished

Table legend:
 A = Non-vault XP
 B = Vault XP
 C = Vault XP percentage of total XP
 D = Non-vault monster count
 E = Vault monster count
 F = Vault count percentage of total count
                 A         B        C        D         E       F
            +---------+---------+-------+---------+---------+-------
      Total |  577112 |  673484 |  53.9 |    1326 |     877 |  39.8
            +---------+---------+-------+---------+---------+-------
        D:1 |      46 |       3 |   6.1 |      30 |       2 |   6.2
        D:2 |      39 |      10 |  20.4 |      17 |       8 |  32.0
        D:3 |     202 |     255 |  55.8 |      26 |       5 |  16.1
        D:4 |     203 |       0 |   0.0 |      19 |       0 |   0.0
        D:5 |     780 |     139 |  15.1 |      30 |       5 |  14.3
        D:6 |    1101 |       0 |   0.0 |      23 |       0 |   0.0
        D:7 |    2130 |       0 |   0.0 |      26 |       0 |   0.0
        D:8 |    2346 |       0 |   0.0 |      21 |       0 |   0.0
        D:9 |    2088 |    6800 |  76.5 |      17 |      21 |  55.3
       D:10 |    1834 |       1 |   0.1 |       9 |       1 |  10.0
       D:11 |    2992 |     914 |  23.4 |      14 |      18 |  56.2
       D:12 |    3077 |    5515 |  64.2 |      14 |      12 |  46.2
       D:13 |    7723 |    2502 |  24.5 |      20 |       3 |  13.0
       D:14 |    7435 |     864 |  10.4 |      14 |       1 |   6.7
       D:15 |   14166 |    4855 |  25.5 |      29 |      10 |  25.6
     Lair:1 |    8002 |     800 |   9.1 |      37 |       2 |   5.1
     Lair:2 |    8889 |     733 |   7.6 |      38 |       4 |   9.5
     Lair:3 |    7462 |    3671 |  33.0 |      30 |       6 |  16.7
     Lair:4 |    5371 |    2427 |  31.1 |      28 |       3 |   9.7
     Lair:5 |   13019 |    9544 |  42.3 |      37 |      20 |  35.1
   Shoals:1 |    7151 |       0 |   0.0 |      18 |       0 |   0.0
   Shoals:2 |   18117 |       0 |   0.0 |      43 |       0 |   0.0
   Shoals:3 |   15381 |    1757 |  10.3 |      34 |       1 |   2.9
   Shoals:4 |    8935 |   29630 |  76.8 |      19 |      40 |  67.8
   Spider:1 |   24636 |    9320 |  27.4 |      66 |      35 |  34.7
   Spider:2 |   19170 |   10864 |  36.2 |      53 |      29 |  35.4
   Spider:3 |   19108 |    1327 |   6.5 |      45 |       1 |   2.2
   Spider:4 |   23225 |   21064 |  47.6 |      56 |      43 |  43.4
      Orc:1 |    4849 |       0 |   0.0 |      49 |       0 |   0.0
      Orc:2 |    1205 |   18100 |  93.8 |      22 |      43 |  66.2
      Elf:1 |   11133 |   18198 |  62.0 |      26 |      26 |  50.0
      Elf:2 |    3929 |   24237 |  86.1 |       7 |      33 |  82.5
      Elf:3 |   20597 |   33596 |  62.0 |      40 |      29 |  42.0
   Vaults:1 |   34097 |   29845 |  46.7 |      49 |      34 |  41.0
   Vaults:2 |   10807 |   26021 |  70.7 |      18 |      38 |  67.9
   Vaults:3 |    8470 |   37249 |  81.5 |      13 |      61 |  82.4
   Vaults:4 |   20350 |   25262 |  55.4 |      33 |      32 |  49.2
   Vaults:5 |   27848 |  119300 |  81.1 |      37 |     107 |  74.3
   Depths:1 |   41895 |   11482 |  21.5 |      50 |      11 |  18.0
   Depths:2 |   26554 |   17278 |  39.4 |      37 |      16 |  30.2
   Depths:3 |   45124 |   30711 |  40.5 |      53 |      26 |  32.9
   Depths:4 |   21317 |   17075 |  44.5 |      20 |      17 |  45.9
      Zot:1 |   20099 |       0 |   0.0 |      17 |       0 |   0.0
      Zot:2 |    3015 |    3844 |  56.0 |       3 |       4 |  57.1
      Zot:3 |   18872 |   35937 |  65.6 |      17 |      25 |  59.5
      Zot:4 |   10141 |       0 |   0.0 |       9 |       0 |   0.0
      Zot:5 |   22182 |   59758 |  72.9 |      13 |      29 |  69.0
      IceCv |       0 |   26463 | 100.0 |       0 |      42 | 100.0
     WizLab |       0 |   22016 | 100.0 |       0 |      25 | 100.0
   Gauntlet |       0 |    3130 | 100.0 |       0 |       8 | 100.0
      Arena |       0 |     987 | 100.0 |       0 |       1 | 100.0
            +---------+---------+-------+---------+---------+-------

Skill      XL: |  1  2  3  4  5  6  7  8  9 10 11 12 13 14 15 16 17 18 19 20 21 22 23 24 25 26 27 |
---------------+----------------------------------------------------------------------------------+-----
Fighting       | 2 3 5 6 8 9 10 12 16 21 22 25 27 | 27.0
Maces & Flails | 4 8 10 13 15 17 18 | 18.0
Invocations    | 3 9 10 | 10.0
Armour         | 4 7 10 | 10.0
Dodging        | 5 8 10 12 | 12.0
Axes           | 8 12 14 | 14.2
Shields        | 7 11 13 15 | 15.0
Shapeshifting  | 9 14 16 18 22 24 26 | 26.5
Stealth        | 11 | 11.7
Evocations     | |  2.4

Action                     |  1- 3 |  4- 6 |  7- 9 | 10-12 | 13-15 | 16-18 | 19-21 | 22-24 | 25-27 || total
---------------------------+-------+-------+-------+-------+-------+-------+-------+-------+-------++-------
  Melee: Club              |    30 |       |       |       |       |       |       |       |       ||    30
         Whip              |    95 |    71 |       |       |       |       |       |       |       ||   166
         Headbutt          |    22 |    26 |    65 |    97 |    83 |   176 |   396 |   284 |   262 ||  1411
         Flail             |       |    74 |   278 |       |       |       |       |       |       ||   352
         Mace              |       |       |    25 |   313 |       |       |       |       |       ||   338
         Giant club        |       |       |       |   119 |   422 |   706 |    60 |       |       ||  1307
         Kick              |       |       |       |       |       |   206 |   683 |   437 |   402 ||  1728
         Broad axe         |       |       |       |       |       |       |  1235 |  1053 |   855 ||  3143
  Throw: Dart              |       |       |     6 |     8 |       |       |       |       |       ||    14
         Throwing net      |       |       |     1 |       |       |       |       |       |       ||     1
 Invoke: Receive Weapon    |       |       |       |     1 |       |       |       |       |       ||     1
         Receive Armour    |       |       |       |     1 |       |       |       |       |       ||     1
         Heroism           |       |       |       |     4 |    20 |    21 |    26 |    17 |    15 ||   103
         Finesse           |       |       |       |     2 |     9 |     9 |     8 |    11 |    13 ||    52
         Duel              |       |       |       |       |       |     1 |       |       |       ||     1
  Evoke: Wand              |     1 |    18 |    12 |    11 |       |       |    11 |     3 |     1 ||    57
         Lightning rod     |       |       |       |       |       |       |       |     4 |       ||     4
    Use: Scroll            |       |     1 |     7 |    18 |     8 |     7 |    12 |     8 |     8 ||    69
         Potion            |       |       |       |     4 |     1 |    11 |     2 |     2 |     5 ||    25
   Stab: Sleeping          |     1 |     3 |     1 |     2 |     3 |     2 |     4 |     9 |    12 ||    37
         Distracted        |       |       |       |     3 |     5 |    10 |     3 |       |     2 ||    23
 Armour: Robe              |    82 |   138 |   276 |   319 |   195 |     2 |   408 |     1 |       ||  1421
         Acid dragon scale |       |       |       |       |       |   799 |   249 |       |       ||  1048
         Ice dragon scales |       |       |       |       |       |       |    72 |       |       ||    72
         Skin              |       |       |       |       |       |       |       |  1013 |   647 ||  1660
  Dodge: Dodged            |    63 |   112 |   184 |   231 |   211 |   553 |   391 |   471 |   410 ||  2626
  Block: Kite shield       |       |       |       |       |       |       |   660 |  1447 |   994 ||  3101
         Reflection        |       |       |       |       |       |       |    56 |    89 |    45 ||   190
   Form: Statue            |       |       |       |       |       |       |       |     1 |       ||     1

Illustrated notes

Table legend:
 A = Kills in this place as a percentage of kills in the entire game.
 B = Kills by you in this place as a percentage of kills by you in the entire game.
 C = Kills by friends in this place as a percentage of kills by friends in the entire game.
 D = Other kills in this place as a percentage of other kills in the entire game.
 E = Experience gained in this place as a percentage of experience gained in the entire game.
 F = Experience gained in this place divided by the number of levels of this place that you have seen.
                   A       B       C       D       E      F
               +-------+-------+-------+-------+-------+----------------------
         Total | 100.0 | 100.0 | 100.0 | 100.0 | 100.0 | 25273.9
       Dungeon |  18.6 |  18.5 | 100.0 |  25.0 |   7.4 | 6484.2
          Lair |   9.1 |   9.1 |   0.0 |   0.0 |   4.6 | 11983.6
        Shoals |   6.9 |   6.8 |   0.0 |  50.0 |   6.2 | 20242.8
   Spider Nest |  14.5 |  14.6 |   0.0 |   0.0 |   9.8 | 32178.5
  Orcish Mines |   5.0 |   5.1 |   0.0 |   0.0 |   1.8 | 12077.0
   Elven Halls |   7.1 |   7.1 |   0.0 |   0.0 |   8.5 | 37230.0
        Vaults |  18.7 |  18.7 |   0.0 |   0.0 |  25.8 | 67849.8
        Depths |  10.6 |  10.6 |   0.0 |  25.0 |  16.9 | 55614.5
           Zot |   6.2 |   6.3 |   0.0 |   0.0 |  15.0 | 39446.4
      Ice Cave |   1.9 |   1.9 |   0.0 |   0.0 |   2.0 | 26463.0
        Wizlab |   1.1 |   1.1 |   0.0 |   0.0 |   1.7 | 22016.0
      Gauntlet |   0.4 |   0.4 |   0.0 |   0.0 |   0.2 | 3130.0
         Arena |   0.0 |   0.0 |   0.0 |   0.0 |   0.1 | 987.0
               +-------+-------+-------+-------+-------+----------------------

Table legend: (Time is in decaauts)
 A = Elapsed time spent in this place.
 B = Non-inter-level travel time spent in this place.
 C = Inter-level travel time spent in this place.
 D = Time resting spent in this place.
 E = Time spent auto-exploring this place.
 F = Levels seen in this place.
 G = Mean time per level.
                   A        B        C        D        E       F      G
               +--------+--------+--------+--------+--------+-----+--------+
         Total |  67153 |  61297 |   5856 |  11985 |  36522 |  52 | 1291.4 |
       Dungeon |  20236 |  17404 |   2832 |   4209 |   9777 |  15 | 1349.1 |
        Temple |     39 |     21 |     18 |      0 |      0 |   1 |   39.0 |
          Lair |   6480 |   5947 |    533 |    905 |   4189 |   5 | 1296.0 |
        Shoals |   3629 |   3311 |    318 |     39 |   2323 |   4 |  907.2 |
   Spider Nest |   7596 |   7309 |    287 |   3003 |   3085 |   4 | 1899.0 |
  Orcish Mines |   2390 |   2213 |    177 |    532 |   1341 |   2 | 1195.0 |
   Elven Halls |   4730 |   4509 |    221 |    421 |   3041 |   3 | 1576.7 |
        Vaults |   9575 |   9009 |    566 |   1490 |   5913 |   5 | 1915.0 |
        Depths |   6696 |   6019 |    677 |     13 |   4768 |   4 | 1674.0 |
           Zot |   2920 |   2696 |    224 |    285 |   1102 |   5 |  584.0 |
      Ice Cave |    684 |    684 |      0 |      8 |    343 |   1 |  684.0 |
        Wizlab |   1675 |   1675 |      0 |    928 |    486 |   1 | 1675.0 |
      Gauntlet |    471 |    471 |      0 |    132 |    152 |   1 |  471.0 |
         Arena |     24 |     24 |      0 |     18 |      0 |   1 |   24.0 |
               +--------+--------+--------+--------+--------+-----+--------+

Top non-repeatable levels by time:
Spider:4: 2915 daAuts
Vaults:1: 2859 daAuts
Spider:1: 2403 daAuts
    D:11: 2084 daAuts
Depths:1: 2042 daAuts
Depths:3: 2019 daAuts
    D:15: 1919 daAuts
Vaults:3: 1827 daAuts
  Lair:5: 1751 daAuts
     D:9: 1730 daAuts
Vaults:2: 1722 daAuts
Vaults:5: 1710 daAuts
   Elf:3: 1700 daAuts
  WizLab: 1675 daAuts
     D:7: 1666 daAuts
